 Dungeon Crawl Stone Soup version 0.31-a0-344-gd109795599 (webtiles) character file.

Game seed: 18330572004458633588

44 GordonOverkill the Sneak (level 3, -2/29 HPs)
             Began as a Mummy Delver on July 22, 2023.
             Slain by a gnoll
             ... wielding a +0 hand axe
              (6 damage)
             ... on level 4 of the Dungeon.
             The game lasted 00:10:27 (2177 turns).

GordonOverkill the Sneak (Mummy Delver)             Turns: 2177, Time: 00:10:27

Health: -2/29      AC:  4    Str: 15    XL:     3   Next: 39%
Magic:  5/5        EV: 11    Int: 11    God:
Gold:   154        SH:  0    Dex: 13    Spells: 5/5 levels left

rFire   x . .        a - +0 mace
rCold   + . .        (no shield)
rNeg    + + +        b - +0 leather armour
rPois   ∞            (no helmet)
rElec   .            (no cloak)
rCorr   .            e - +0 pair of gloves
SInv    .            (no boots)
Will    +....        (no amulet)
Stlth   ++           j - ring of willpower
HPRegen 0.24/turn    (no ring)
MPRegen 0.09/turn

%: faith
@: no status effects
A: cold resistance 1, negative energy resistance 3, torment resistance 2, heat
vulnerability 1, in touch with death 1, no potions, faith
a: no special abilities


You were on level 4 of the Dungeon.
You visited 2 branches of the dungeon, and saw 5 of its levels.

You collected 154 gold pieces.

Inventory:

Hand Weapons
 a - a +0 mace (weapon)
Armour
 b - a +0 leather armour (worn)
 e - a +0 pair of gloves (worn)
 i - a +0 plate armour
Jewellery
 h - a ring of ice
 j - a ring of willpower (left hand)
Wands
 f - a wand of digging (3)
Scrolls
 c - a scroll of fog
 d - a scroll of revelation


   Skills:
 - Level 3.0 Fighting
 - Level 2.0 Maces & Flails
 - Level 1.5 Dodging
 + Level 4.4 Stealth
 + Level 1.8 Spellcasting
 + Level 0.0 Necromancy
 + Level 1.1 Evocations


You had 5 spell levels left.
You didn't know any spells.
Your spell library contained the following spells:

 Spells                   Type           Power      Damage    Failure   Level
 Necrotise                Necr           4%         1d4       36%         1
 Vampiric Draining        Necr           1%         2d6       73%         3
 Agony                    Necr           1%         N/A       100%        5


Dungeon Overview and Level Annotations

Branches:
Dungeon (7/15)             Temple (1/1) D:5

Altars:
Ashenzari
Cheibriados
Dithmenos
Fedhas
Hepliaklqana
Kikubaaqudgha
Makhleb
Okawaru
Qazlal
Sif Muna
Trog
Uskayaw
Vehumet
Wu Jian
Xom
Yredelemnul

Annotations:
D:4 exclusion: orc priest
D:5 exclusions: 2 doors, orc and phantom
D:6 exclusions: 3 downstairs, iguana, ogre and scorpion


Innate Abilities, Weirdness & Mutations

You are immune to poison.
Your flesh is cold resistant. (rC+)
You are immune to negative energy. (rN+++)
You are immune to unholy pain and torment.
You are vulnerable to heat. (rF-)
You are in touch with the powers of death.
You do not drink.
You have a special connection with the divine. (Faith)


Message History

The ball python grabs you. The ball python constricts you.
A gnoll comes into view. It is wielding a +0 spear.
You sock the ball python!
You kill the ball python!
The gnoll barely misses you. The gnoll attacks as you move away!
The gnoll barely misses you. The gnoll attacks as you move away!
The gnoll hits you with a +0 club. The gnoll closely misses you.
The gnoll attacks as you move away! The gnoll hits you with a +0 club.
You hit the gnoll.
The gnoll is moderately wounded.
The gnoll misses you.
The gnoll hits you from afar with a +0 spear.
The gnoll attacks as you move away! The gnoll closely misses you.
You hit the gnoll.
The gnoll is heavily wounded.
The gnoll hits you but does no damage.
You hit the gnoll but do no damage.
The gnoll is heavily wounded.
The gnoll hits you with a +0 hand axe.
* * * LOW HITPOINT WARNING * * *
You closely miss the gnoll.
The gnoll is heavily wounded.
The gnoll hits you but does no damage. The gnoll hits you with a +0 club.
* * * LOW HITPOINT WARNING * * *
The gnoll hits you with a +0 hand axe.
* * * LOW HITPOINT WARNING * * *
As you read the scroll labelled XAX LOERPHIES, it crumbles to dust.
It is a scroll of identify.
You don't currently have any unidentified items.
The gnoll hits you with a +0 hand axe.
* * * LOW HITPOINT WARNING * * *
The gnoll barely misses you. The gnoll hits you but does no damage.
You can't drink.
Unknown command.
Okay, then.
The gnoll hits you with a +0 hand axe.
* * * LOW HITPOINT WARNING * * *
The gnoll attacks as you move away! The gnoll hits you with a +0 hand axe.
You die...

####.................#.#.....
####....................#...##.#
.........†.........##..##.#.# ..
...................###....#
........................#
....................#####
..................#####.#.
..................##......
................@##.....# #.
#..............gg#......#...
##............##g#......#.#.
##..........###.#........#
##.........# #........#
##.......## #........##.##
##......# ##.#..........
##....## #.##......... ######
#.###........


You could see 3 gnolls.

Vanquished Creatures
  2 adders (D:5)
  A white imp (D:6)
  A worm (D:4)
  2 dart slugs (D:4)
  4 orcs
  A ball python (D:4)
  A spectral orc (D:6)
12 creatures vanquished.

Notes
Turn   | Place    | Note
-------+----------+-------------------------------------------
     0 | D:5      | GordonOverkill the Mummy Delver began the quest for the
                  | Orb.
     0 | D:5      | Reached XP level 1. HP: 18/18 MP: 1/1
    11 | D:7      | Noticed a wight
    11 | D:7      | Noticed a wight
    11 | D:7      | Noticed a wight
    11 | D:7      | Noticed a wight
    11 | D:7      | Noticed a wight
    51 | D:5      | Noticed an orc wizard
    51 | D:5      | Noticed an orc priest
   124 | D:6      | Reached XP level 2. HP: 15/24 MP: 1/3
   189 | D:5      | Found a staircase to the Ecumenical Temple.
   199 | Temple   | Entered the Ecumenical Temple
   265 | D:6      | Noticed an ogre
   308 | D:6      | Found an ornate altar of the Wu Jian Council.
   381 | D:7      | Noticed an orc warrior
   486 | D:7      | Noticed a steam dragon
   716 | D:6      | Found a basalt altar of Yredelemnul.
   862 | D:6      | Noticed a scorpion
  1188 | D:5      | Reached skill level 1 in Spellcasting
  1472 | D:5      | Gained mutation: You are in touch with the powers of death.
                  | [Mummy growth]
  1472 | D:5      | Reached XP level 3. HP: 22/29 MP: 5/5
  1537 | D:5      | Noticed a phantom
  1615 | D:5      | Reached skill level 1 in Evocations
  2177 | D:4      | Slain by a gnoll

Illustrated notes

Levels and vault maps discovered:
D:4:      layout_cave_pods, nicolae_overflow_squiral, serial_bayou_pond_d,
          nicolae_concentric_dashed_squares_mild
D:5:      layout_gridville, minmay_temple_entry_overgrown
D:6:      layout_basic, kennysheep_mini, yredelemnul_forgotten_temple_becter,
          minmay_checkerbox
D:7:      kennysheep_six_static_rooms, layout_layer_cave,
          grunt_gozag_breadcrumbs, serial_shops, nicolae_shop_statue_plus,
          uniq_prince_ribbit1
Temple:   nicolae_temple_bog_church

Skill      XL: |  1  2  3 |
---------------+----------+-----
Spellcasting   | 1 |  1.8
Maces & Flails | 2 |  2.0
Evocations     | 1 |  1.1
Fighting       | |  3.0
Dodging        | |  1.5
Stealth        | |  4.4

Action                     || total
---------------------------++-------
  Melee: Mace              ||    65
         Punch             ||     1
    Use: Scroll            ||     2
   Stab: Sleeping          ||     2
 Armour: Leather armour    ||    13
  Dodge: Dodged            ||    37

Table legend: (Time is in decaauts)
 A = Elapsed time spent in this place.
 B = Non-inter-level travel time spent in this place.
 C = Inter-level travel time spent in this place.
 D = Time resting spent in this place.
 E = Time spent auto-exploring this place.
 F = Levels seen in this place.
 G = Mean time per level.
                   A        B        C        D        E       F      G
               +--------+--------+--------+--------+--------+-----+--------+
         Total |   2200 |   1932 |    268 |    274 |      0 |   5 |  440.0 |
       Dungeon |   2198 |   1930 |    268 |    274 |      0 |   4 |  549.5 |
        Temple |      1 |      1 |      0 |      0 |      0 |   1 |    1.0 |
               +--------+--------+--------+--------+--------+-----+--------+

Top non-repeatable levels by time:
     D:5: 1022 daAuts
     D:6: 926 daAuts
     D:4: 244 daAuts
     D:7: 5 daAuts
  Temple: 1 daAuts
